 Dungeon Crawl Stone Soup version 0.27-a0-1065-ge809cff456 (webtiles) character file.

Game seed: 11227791704382065365

233 snetch the Magician (level 6, -1/40 HPs)
             Began as a Djinni Hedge Wizard on Apr 23, 2021.
             Was an Initiate of Gozag.
             Slain by Duvessa
             ... wielding a +0 rapier
              (3 damage)
             ... on level 4 of the Dungeon.
             The game lasted 00:10:36 (4035 turns).

snetch the Magician (Djinni Hedge Wizard)           Turns: 4035, Time: 00:10:37

Health: -1/40      AC:  3    Str:  9    XL:     6   Next: 4%
Gold:   474        EV: 12    Int: 17    God:    Gozag SH:  0 Dex: 13

rFire    + + .     SeeInvis .   s - +0 long sword
rCold    x . .     Faith    .   (no shield)
rNeg     . . .     Spirit   .   n - +0 leather armour
rPois    ∞         Reflect  .   c - +0 hat
rElec    .         Harm     .   (no cloak)
rCorr    .         Rampage  .   (no gloves)
Will     .....                  (boots unavailable)
Stlth    ++........             (no amulet)
HPRegen  0.13/turn              (no ring)
MPRegen  0.00/turn              (no ring)

@: flying
A: fire resistance 2, cold vulnerability 1, float, innate caster, hp casting,
extra vitality 1
a: Renounce Religion, Potion Petition, Call Merchant, Bribe Branch


You were on level 4 of the Dungeon.
You worshipped Gozag.
Gozag was aware of your devotion.
You visited 1 branch of the dungeon, and saw 5 of its levels.

You collected 474 gold pieces.

Inventory:

Hand Weapons
 a - a +0 quarterstaff
 j - a +0 dagger
 k - a +0 hand axe
 s - a +0 long sword (weapon)
Missiles
 e - 90 arrows
 g - 99 stones
 h - 40 sling bullets
 p - 54 bolts
 q - 8 poisoned darts
Armour
 c - a +0 hat (worn)
 d - a +0 ring mail
 i - a +0 scale mail
 n - a +0 leather armour (worn)
Magical Staves
 t - a staff of death
Jewellery
 u - a ring of protection from fire
Scrolls
 b - a scroll of holy word {unknown}
 f - 3 scrolls of teleportation {unknown}
 l - 2 scrolls of identify {unknown}
Potions
 m - a potion of heal wounds {unknown}
 o - 2 potions of brilliance {unknown}
 r - a potion of degeneration {unknown}


   Skills:
 + Level 1.3 Armour
 + Level 2.9 Dodging
 + Level 2.4 Stealth
 + Level 4.8 Spellcasting


You couldn't memorise any spells.
You knew the following spells:

 Your Spells              Type           Power      Damage    Failure   Level
a - Magic Dart            Conj           80%        1d7       2%          1
b - Blink                 Tloc           N/A        N/A       4%          2
c - Call Imp              Summ           20%        N/A       4%          2
d - Slow                  Hex            20%        N/A       4%          2
e - Conjure Flame         Conj/Fire      20%        6-21      9%          3
f - Mephitic Cloud        Conj/Pois/Air  20%        N/A       9%          3
g - Pain                  Necr           80%        1d8       2%          1
h - Corpse Rot            Necr/Air       N/A        N/A       4%          2
Your spell library was empty.

Dungeon Overview and Level Annotations

Branches:
Dungeon (5/15)
 Temple: D:4-7

Altars:
Cheibriados
Dithmenos
Gozag
The Shining One

Annotations:
D:4 1 runed translucent door, Dittersdorf's ghost, amateur GrFi; Duvessa
D:5 Edmund


Innate Abilities, Weirdness & Mutations

You are immune to poison.
Your flesh is very heat resistant. (rF++)
You are vulnerable to cold. (rC-)
You float through the air rather than walking.
You learn spells naturally, not from books.
Your magical power is your life essence.
You have superior vitality. (+4 HP)


Message History

Duvessa goes berserk!
You hear a shout!
Casting: Call Imp (safe; 4% risk of failure)
Confirm with . or Enter, or press ? or * to list all spells.
A beastly little devil appears in a puff of frigid air.
Casting: Call Imp (safe; 4% risk of failure)
Confirm with . or Enter, or press ? or * to list all spells.
A beastly little devil appears in a puff of frigid air.
Duvessa hits you with a +0 rapier!
Your white imp gestures at Duvessa.
The puff of frost hits Duvessa.
Your white imp closely misses Duvessa.
Your white imp barely misses Duvessa.
Casting: Call Imp (safe; 4% risk of failure)
Confirm with . or Enter, or press ? or * to list all spells.
A beastly little devil appears in a puff of flame.
Duvessa hits your white imp with a +0 rapier!
Your white imp dies!
Duvessa hits you with a +0 rapier!!
Ouch! That really hurt!
* * * LOW HITPOINT WARNING * * *
Your white imp hits Duvessa but does no damage.
You swap places.
Duvessa hits your white imp with a +0 rapier.
Your white imp barely misses Duvessa.
Your crimson imp hits Duvessa but does no damage.
Duvessa completely misses your white imp.
Duvessa barely misses your white imp.
Your white imp hits Duvessa but does no damage.
Your crimson imp hits Duvessa but does no damage.
Duvessa hits your white imp with a +0 rapier!
Your white imp dies!
Your crimson imp hits Duvessa.
Your crimson imp blinks!
Okay, then.
Your crimson imp blinks!
Duvessa rages.
Your crimson imp blinks!
Duvessa hits you with a +0 rapier.
You die...
Your body crumbles into a pile of gold.

# 8## ########## ..8##
#.....##.. .$.####
#.....##.# .?.>#.#
#....>##.##### ...##.#
#.....##.##..
..8##.###.....##.##.# # 8
#..........#.##.##.# ###
####........@e.....# #.#
###.<......##..#### #.#
##.###...##......## #.#
#............###..####
#.####.#####.#..##W##....###
.......# #...##...##...#.#
#.###### #..##.....##..§#
##.# ##.#⌠.!♣!.⌠#..## #.##
..##.....##.##


You could see Duvessa (berserk).

Vanquished Creatures
  A scorpion (D:4)
  A howler monkey (D:4)
  A gnoll (D:2)
  2 adders
  An orc (D:3)
  A bat (D:2)
  4 endoplasms
  A giant cockroach (D:2)
  5 goblins
  5 hobgoblins
  5 quokkas
  4 ball pythons
  2 frilled lizards
  4 kobolds
  6 rats
43 creatures vanquished.

Vanquished Creatures (collateral kills)
  Dowan (D:4)
  A hound (D:3)
  An iguana (D:2)
  2 gnolls (D:2)
  2 adders
  An endoplasm (D:2)
8 creatures vanquished.

Grand Total: 51 creatures vanquished

Notes
Turn   | Place    | Note
-------+----------+-------------------------------------------
     0 | D:1      | snetch the Djinni Hedge Wizard began the quest for the Orb.
     0 | D:1      | Reached XP level 1. HP: 15/15 MP: 0/0
   232 | D:1      | Reached skill level 3 in Spellcasting
   232 | D:1      | Reached XP level 2. HP: 14/21 MP: 0/0
   532 | D:1      | Found a faded altar of an unknown god.
   566 | D:1      | Became a worshipper of Gozag Ym Sagoz the Greedy
   948 | D:2      | Reached XP level 3. HP: 14/25 MP: 0/0
   948 | D:2      | Learned a level 1 spell: Pain
  1453 | D:2      | Reached XP level 4. HP: 3/31 MP: 0/0
  2123 | D:3      | Reached skill level 4 in Spellcasting
  3080 | D:3      | Reached XP level 5. HP: 29/35 MP: 0/0
  3080 | D:3      | Learned a level 2 spell: Corpse Rot
  3248 | D:5      | Entered Level 5 of the Dungeon
  3248 | D:5      | Noticed Edmund
  3258 | D:4      | Noticed Dittersdorf's ghost (amateur GrFi)
  3303 | D:4      | Found a shadowy altar of Dithmenos.
  3576 | D:4      | Reached skill level 1 in Armour
  3638 | D:4      | Noticed Dowan
  3845 | D:4      | Killed Dowan
  3846 | D:4      | Reached XP level 6. HP: 36/40 MP: 0/0
  3901 | D:4      | Found a snail-covered altar of Cheibriados.
  3977 | D:4      | Found a glowing golden altar of the Shining One.
  4012 | D:4      | Found a runed translucent door.
  4019 | D:4      | Noticed Duvessa
  4027 | D:4      | HP: 1/40 [Duvessa/+0 rapier (21)]
  4035 | D:4      | Slain by Duvessa

Illustrated notes

Levels and vault maps discovered:
D:1:      eino_arrival_water_cross, layout_rooms,
          hellmonk_ecumenical_altar_crossroads
D:2:      layout_basic
D:3:      layout_basic
D:4:      layout_loops_cross, nicolae_overflow_hidden_temple,
          lemuel_doored_altar, marbit_many_paths,
          nicolae_dithmenos_shadow_blocks, amcnicky_altar_gilded,
          hellmonk_ghost_happy_afterlife, ebering_dispersal_statue_hall,
          minmay_manual_mess, uniq_duvessa, uniq_eustachio, uniq_natasha
D:5:      cheibrodos_thug_alley, layout_loops_ring,
          pdpol_wu_jian_five_deadly_venoms, serial_shops, kennysheep_mini,
          serial_glass, glass_columns_a, glass_columns_b, uniq_edmund

Skill      XL: |  1  2  3  4  5 |
---------------+----------------+-----
Spellcasting   | 3 4 |  4.8
Armour         | 1 |  1.3
Stealth        | 2 |  2.4
Dodging        | |  2.9

Action                   |  1- 3 |  4- 6 || total
-------------------------+-------+-------++-------
Melee: Quarterstaff      |     3 |       ||     3
       Long sword        |       |     1 ||     1
 Cast: Magic Dart        |    59 |    57 ||   116
       Call Imp          |     7 |    12 ||    19
       Pain              |       |     5 ||     5
Armor: Robe              |     3 |       ||     3
       Leather armour    |       |     3 ||     3
Dodge: Dodged            |     5 |    14 ||    19
       Rpst.: Long sword |       |     2 ||     2

Table legend: (Time is in decaauts)
 A = Elapsed time spent in this place.
 B = Non-inter-level travel time spent in this place.
 C = Inter-level travel time spent in this place.
 D = Time resting spent in this place.
 E = Time spent auto-exploring this place.
 F = Levels seen in this place.
 G = Mean time per level.
                   A        B        C        D        E       F      G
               +--------+--------+--------+--------+--------+-----+--------+
         Total |   4044 |   3887 |    157 |    172 |   3025 |   5 |  808.8 |
       Dungeon |   4044 |   3887 |    157 |    172 |   3025 |   5 |  808.8 |
               +--------+--------+--------+--------+--------+-----+--------+

Top non-repeatable levels by time:
     D:2: 1332 daAuts
     D:3: 1018 daAuts
     D:1: 898 daAuts
     D:4: 617 daAuts
     D:5: 178 daAuts
